 Dungeon Crawl Stone Soup version 0.31-a0-1-g4198be8af4 (webtiles) character file.

Game seed: 14418061209541855975

5981 Sabo the Shield-Bearer (level 10, -2/86 HPs)
             Began as a Troll Fighter on Apr 29, 2023.
             Was a Believer of Hepliaklqana.
             Slain by an eight-headed hydra (11 damage)
             ... on level 9 of the Dungeon on Apr 30, 2023.
             The game lasted 00:48:59 (7664 turns).

Sabo the Shield-Bearer (Troll Fighter)              Turns: 7664, Time: 00:49:02

Health: -2/86      AC: 11    Str: 26    XL:     10   Next: 55%
Magic:  9/9        EV: 11    Int:  4    God:    Hepliaklqana [**....]
Gold:   411        SH: 10    Dex: 13    Spells: 9/9 levels left

rFire   . . .        u - +10 dagger "Umiucud" {freeze, rN+}
rCold   . . .        c - +0 kite shield
rNeg    + . .        n - +1 steam dragon scales
rPois   +            (helmet restricted)
rElec   .            D - +2 cloak
rCorr   .            (gloves unavailable)
SInv    .            (boots unavailable)
Will    .....        G - amulet of regeneration
Stlth   ++           v - ring of poison resistance
HPRegen 1.94/turn    (no ring)
MPRegen 0.11/turn

%: no passive effects
@: about to teleport, studying Conjurations
A: reduced essence, large, unfitting armour, claws 3, regeneration 1, shaggy fur
1, tough skin 1
a: Renounce Religion, Recall Ancestor, Ancestor Identity


You were on level 9 of the Dungeon.
You worshipped Hepliaklqana.
Hepliaklqana was pleased with you.
You visited 1 branch of the dungeon, and saw 9 of its levels.

You collected 411 gold pieces.

Inventory:

Hand Weapons
 a - a +4 dire flail of freezing
 f - a +0 sling of draining
 h - a +4 flail of protection
 s - a +0 shortbow
 u - the +10 dagger "Umiucud" (weapon) {freeze, rN+}
   (You found it on level 3 of the Dungeon)

   rN:        It protects you from negative energy.
 C - a +3 quarterstaff of chaos
 I - a +0 giant spiked club
Missiles
 k - 3 boomerangs of dispersal (quivered)
 r - 30 poisoned darts
 y - 4 javelins
Armour
 c - a +0 kite shield (worn)
 n - +1 steam dragon scales (worn)
 D - a +2 cloak (worn)
Jewellery
 v - a ring of poison resistance (left claw)
 G - an amulet of regeneration (around neck)
Wands
 b - a wand of mindburst (13)
 o - a wand of acid (9)
 F - a wand of paralysis (16)
 L - a wand of polymorph (6)
Scrolls
 g - 2 scrolls of magic mapping
 i - 2 scrolls of enchant weapon
 j - a scroll of fog
 l - 2 scrolls of blinking
 t - a scroll of vulnerability {unknown}
 w - a scroll of poison {unknown}
 A - a scroll of fear {unknown}
Potions
 d - a potion of might
 e - 4 potions of curing
 m - 3 potions of flight
 p - 2 potions of heal wounds {unknown}
 q - 2 potions of haste
 x - 2 potions of mutation {unknown}
 B - a potion of lignification {unknown}
 E - a potion of attraction {unknown}
 H - a potion of ambrosia {unknown}
 J - a potion of cancellation
 K - a potion of brilliance {unknown}
 M - a potion of berserk rage {unknown}


   Skills:
 + Level 5.3 Fighting
 + Level 7.1 Short Blades
 + Level 3.7 Axes
 + Level 6.7 Dodging
 + Level 2.1 Stealth
 + Level 7.7 Shields


You had 9 spell levels left.
You didn't know any spells.
Your spell library contained the following spells:

 Spells                   Type           Power      Damage    Failure   Level
 Magic Dart               Conj           0%         1d3       71%         1
 Necrotise                Necr           0%         1d4       71%         1
 Summon Small Mammal      Summ           0%         N/A       71%         1
 Blink                    Tloc           0%         N/A       83%         2
 Lesser Beckoning         Tloc           0%         N/A       83%         2
 Momentum Strike          Conj/Tloc      0%         3d8       83%         2
 Searing Ray              Conj           0%         2d4       83%         2
 Call Canine Familiar     Summ           0%         N/A       97%         3
 Hailstorm                Conj/Ice       0%         3d3       97%         3
 Summon Guardian Golem    Hex/Summ       0%         N/A       97%         3
 Vampiric Draining        Necr           0%         2d6       97%         3
 Fulminant Prism          Conj/Hex       0%         3d5       100%        4
 Ice Form                 Ice/Tmut       0%         N/A       100%        4
 Agony                    Necr           0%         N/A       100%        5
 Simulacrum               Ice/Necr       0%         N/A       100%        6


Dungeon Overview and Level Annotations

Branches:
Dungeon (9/15)             Temple (0/1) D:5
   Lair: D:8-11         Orc: D:9-12

Altars:
Hepliaklqana
Sif Muna
Yredelemnul

Shops:
D:1 :   D:3 [   D:4 (

Annotations:
D:8 2 transporters, Jase's ghost, novice TrFi


Innate Abilities, Weirdness & Mutations

Your life essence is reduced to manifest your ancestor. (-10% HP)
You are too large for most types of armour.
You have claws for hands.
Your natural rate of healing is unusually fast.
You are covered in fur. (AC +1)
You have tough skin. (AC +1)


Message History

The eight-headed hydra bites you but does no damage.
The eight-headed hydra bites you!
The eight-headed hydra closely misses you.
The eight-headed hydra barely misses you.
The eight-headed hydra bites you but does no damage.
You hit the manticore. You freeze the manticore.
The manticore is severely wounded.
The manticore bites you!! The manticore barely misses you.
The manticore claws you but does no damage.
The eight-headed hydra closely misses you.
The eight-headed hydra bites you but does no damage.
The eight-headed hydra barely misses you.
The eight-headed hydra bites you.
* * * LOW HITPOINT WARNING * * *
You block the eight-headed hydra's attack.
The eight-headed hydra closely misses you.
You block the eight-headed hydra's attack.
The eight-headed hydra bites you.
* * * LOW HITPOINT WARNING * * *
You barely miss the eight-headed hydra. The manticore barely misses you.
You block the manticore's attack.
The manticore claws you but does no damage.
The eight-headed hydra bites you.
* * * LOW HITPOINT WARNING * * *
The eight-headed hydra bites you but does no damage. x2
The eight-headed hydra bites you!
* * * LOW HITPOINT WARNING * * *
The eight-headed hydra bites you but does no damage.
The eight-headed hydra bites you.
* * * LOW HITPOINT WARNING * * *
You block the eight-headed hydra's attack.
The eight-headed hydra bites you.
* * * LOW HITPOINT WARNING * * *
As you read the scroll of teleportation, it crumbles to dust.
You feel strangely unstable. The manticore closely misses you.
The manticore barely misses you. You block the manticore's attack.
The eight-headed hydra bites you.
* * * LOW HITPOINT WARNING * * *
The eight-headed hydra bites you!
You die...

#######8##.#.##8######
###.#.#.### ##.##†##.##
##.###.###.##
##.###)..###.##
#.###..)..###.#
##'###########'##
##...#?#.#.#.#...##
#..@D....#.....)).##
#.......H...(+.....)....
#.###........#........##
##...#.#.#.#[#...##
##+###########+##


You could see an eight-headed hydra and a manticore.

Vanquished Creatures
  A two-headed ogre (D:9)
  A wizard (D:9)
  A kobold demonologist (D:9)
  A wraith (D:6)
  6 humans (D:7)
  A steam dragon (D:6)
  Menkaure (D:7)
  A water moccasin (D:7)
  3 ice beasts
  A sky beast (D:7)
  An ogre (D:4)
  2 centaurs (D:7)
  2 phantoms
  A kobold brigand (D:9)
  3 bullfrogs
  A gnoll sergeant (D:6)
  2 scorpions (D:6)
  6 wights
  A howler monkey (D:8)
  2 hounds (D:5)
  2 jellies
  Crazy Yiuf (D:3)
  3 orc priests
  A sleepcap (D:8)
  4 iguanas
  Natasha (twice) (D:2)
  5 orc wizards
  12 adders
  5 gnolls
  5 white imps
  A worm (D:2)
  A dart slug (D:4)
  24 orcs
  5 ball pythons
  A bat (D:1)
  5 endoplasms
  2 giant cockroaches
  4 hobgoblins
  3 quokkas
  8 frilled lizards
  4 goblins
  11 kobolds
  2 rats
149 creatures vanquished.

Vanquished Creatures (collateral kills)
  A shadow (D:9)
  An orc warrior (D:9)
  2 ice beasts
  3 centaurs
  A kobold brigand (D:8)
  A bullfrog (D:9)
  2 wights
  A howler monkey (D:8)
  An orc priest (D:8)
  A sleepcap (D:8)
  3 gnolls (D:6)
  A white imp (D:5)
  2 ufetubi
  9 orcs
  2 kobolds (D:8)
31 creatures vanquished.

Vanquished Creatures (others)
  A battlemage (D:9)
  2 orc wizards
  2 ancestors
  2 orcs (D:6)
  4 plants (D:3)
11 creatures vanquished.

Grand Total: 191 creatures vanquished

Notes
Turn   | Place    | Note
-------+----------+-------------------------------------------
     0 | D:1      | Sabo the Troll Fighter began the quest for the Orb.
     0 | D:1      | Reached XP level 1. HP: 22/22 MP: 0/0
   444 | D:1      | Found Xuinn's Book Boutique.
   530 | D:1      | Found a faded altar of an unknown god.
   596 | D:1      | Reached XP level 2. HP: 29/29 MP: 1/1
   927 | D:2      | Reached XP level 3. HP: 31/36 MP: 2/2
  1423 | D:2      | Noticed Natasha
  1433 | D:2      | Killed Natasha
  1434 | D:2      | Reached XP level 4. HP: 40/44 MP: 3/3
  1626 | D:2      | You fall into a shaft and drop 2 floors!
  1772 | D:2      | Noticed Natasha
  1785 | D:2      | Killed Natasha
  2102 | D:3      | Identified the +10 dagger "Umiucud" {freeze, rN+}
  2324 | D:3      | Reached XP level 5. HP: 53/53 MP: 4/4
  2451 | D:3      | Found Ostiprosk's Armour Emporium.
  2609 | D:3      | Found a runed translucent door.
  2610 | D:3      | Noticed Crazy Yiuf
  2615 | D:3      | Killed Crazy Yiuf
  2890 | D:4      | Noticed a phantom
  2899 | D:4      | Killed a phantom
  2986 | D:4      | Found a hazy altar of Hepliaklqana.
  2986 | D:4      | Found a shimmering blue altar of Sif Muna.
  2994 | D:4      | Found a basalt altar of Yredelemnul.
  2997 | D:4      | Found a faded altar of an unknown god.
  2999 | D:4      | Found a faded altar of an unknown god.
  3038 | D:4      | Became a worshipper of Hepliaklqana the Forgotten
  3119 | D:4      | Found Ceomew's Antique Weapon Emporium.
  3195 | D:4      | Reached XP level 6. HP: 61/61 MP: 5/5
  3381 | D:4      | Reached skill level 1 in Short Blades
  3742 | D:4      | Reached XP level 7. HP: 67/67 MP: 6/6
  3952 | D:5      | Entered Level 5 of the Dungeon
  4044 | D:5      | Found a staircase to the Ecumenical Temple.
  4136 | D:5      | Reached * piety under Hepliaklqana
  4382 | D:5      | Reached skill level 1 in Stealth
  4795 | D:5      | Upgraded the game from 0.30-a0-1164-ge08a67761e to
                  | 0.31-a0-1-g4198be8af4
  4993 | D:6      | Reached XP level 8. HP: 70/70 MP: 7/7
  5083 | D:6      | Reached skill level 5 in Shields
  5347 | D:6      | Reached skill level 5 in Dodging
  5347 | D:6      | Reached XP level 9. HP: 60/75 MP: 8/8
  5751 | D:7      | Reached skill level 5 in Short Blades
  5767 | D:7      | Noticed Menkaure
  5786 | D:7      | Killed Menkaure
  6450 | D:8      | Reached ** piety under Hepliaklqana
  6451 | D:8      | Remembered your ancestor Titus as a battlemage
  6457 | D:8      | Reached skill level 5 in Fighting
  6498 | D:8      | Found a transporter.
  6506 | D:8      | Noticed Jase's ghost (novice TrFi)
  6518 | D:8      | Found a transporter.
  6520 | D:8      | Noticed a moth of wrath
  6691 | D:8      | Reached XP level 10. HP: 81/86 MP: 9/9
  7533 | D:9      | Noticed a wizard
  7560 | D:9      | Noticed a sun demon
  7581 | D:9      | Noticed a two-headed ogre
  7601 | D:9      | Killed a two-headed ogre
  7640 | D:9      | Killed a wizard
  7654 | D:9      | Noticed a manticore
  7657 | D:9      | Noticed an eight-headed hydra
  7664 | D:9      | Slain by an eight-headed hydra

Illustrated notes

Levels and vault maps discovered:
D:1:      roderic_crossed_star, layout_basic, ebering_ecumenical_altar_hall,
          serial_shops, shop
D:2:      layout_loops_corners, uniq_natasha
D:3:      cheibrodos_old_hovel, layout_rooms, serial_shops,
          nicolae_shop_behind_doors, serial_aquarium, aquarium_bridge_square
          [aquarium_subvault_bridge, aquarium_subvault_bridge,
          aquarium_subvault_bridge, aquarium_subvault_window],
          aquarium_window_corridor_1, aquarium_window_1, aquarium_view_2g,
          aquarium_view_2f, aquarium_balcony_1b, minmay_lizard_king,
          uniq_crazy_yiuf_cottage
D:4:      layout_loops_corners, chequers_temple_overflow_minitemple,
          serial_shops, shop
D:5:      layout_basic, minmay_temple_entry_statues
D:6:      layout_rooms
D:7:      layout_rooms, minmay_ruffians, uniq_menkaure
D:8:      layout_loops_ring, gammafunk_ghost_berserking_beasts,
          minmay_manual_mares
D:9:      wad_arrow_thing, layout_basic, minmay_stone_trees_medium

Skill      XL: |  1  2  3  4  5  6  7  8  9 10 |
---------------+-------------------------------+-----
Axes           | 2 3 |  3.7
Shields        | 3 4 5 6 7 |  7.7
Fighting       | 3 4 5 |  5.3
Dodging        | 3 4 5 6 |  6.7
Short Blades   | 1 3 4 6 7 |  7.1
Stealth        | 1 2 |  2.1

Action                     |  1- 3 |  4- 6 |  7- 9 | 10-12 || total
---------------------------+-------+-------+-------+-------++-------
  Melee: War axe           |    77 |    46 |       |       ||   123
         Dagger            |       |    98 |   265 |    80 ||   443
 Invoke: Ancestor Life: Ba |       |       |     1 |       ||     1
         Ancestor Identity |       |       |     1 |       ||     1
    Use: Scroll            |     2 |     4 |     8 |     2 ||    16
         Potion            |       |       |     2 |     2 ||     4
   Stab: Sleeping          |       |     2 |     1 |       ||     3
 Armour: Robe              |    23 |    30 |    28 |       ||    81
         Steam dragon scal |       |       |    73 |    28 ||   101
  Dodge: Dodged            |    32 |    48 |   120 |    42 ||   242
  Block: Kite shield       |    37 |    61 |   134 |    50 ||   282

Table legend: (Time is in decaauts)
 A = Elapsed time spent in this place.
 B = Non-inter-level travel time spent in this place.
 C = Inter-level travel time spent in this place.
 D = Time resting spent in this place.
 E = Time spent auto-exploring this place.
 F = Levels seen in this place.
 G = Mean time per level.
                   A        B        C        D        E       F      G
               +--------+--------+--------+--------+--------+-----+--------+
         Total |   7697 |   7697 |      0 |    548 |      0 |   9 |  855.2 |
       Dungeon |   7697 |   7697 |      0 |    548 |      0 |   9 |  855.2 |
               +--------+--------+--------+--------+--------+-----+--------+

Top non-repeatable levels by time:
     D:4: 1310 daAuts
     D:2: 1148 daAuts
     D:8: 1006 daAuts
     D:5: 956 daAuts
     D:3: 801 daAuts
     D:6: 794 daAuts
     D:1: 775 daAuts
     D:7: 720 daAuts
     D:9: 183 daAuts
